 Dungeon Crawl Stone Soup version 0.31-a0-196-g86fe4a5e66 (webtiles) character file.

Game seed: 2496112171992697495

23 gelatine the Trooper (level 2, -3/24 HPs)
             Began as a Demonspawn Fighter on June 25, 2023.
             Slain by a gnoll
             ... wielding a +0 club
              (5 damage)
             ... on level 2 of the Dungeon.
             The game lasted 00:02:11 (730 turns).

gelatine the Trooper (Demonspawn Fighter)            Turns: 730, Time: 00:02:12

Health: -3/24      AC:  9    Str: 16    XL:     2   Next: 72%
Magic:  2/2        EV:  9    Int:  9    God:
Gold:   68         SH:  4    Dex: 12    Spells: 1/1 levels left

rFire   . . .        a - +0 war axe
rCold   . . .        c - +0 buckler
rNeg    . . .        b - +0 scale mail
rPois   .            (no helmet)
rElec   .            g - +0 cloak
rCorr   .            (no gloves)
SInv    .            i - +0 pair of boots
Will    .....        (no amulet) Stlth
                     (no ring)
HPRegen 0.24/turn    (no ring)
MPRegen 0.08/turn

%: no passive effects
@: mighty
A: powered by death 1
a: no special abilities


You were on level 2 of the Dungeon.
You visited 1 branch of the dungeon, and saw 2 of its levels.

You collected 68 gold pieces.

Inventory:

Hand Weapons
 a - a +0 war axe (weapon)
Armour
 b - a +0 scale mail (worn)
 c - a +0 buckler (worn)
 g - a +0 cloak (worn)
 i - a +0 pair of boots (worn)
Scrolls
 e - 2 scrolls of identify {unknown}
 h - a scroll of fear {unknown}
 j - 2 scrolls of revelation {unknown}
Potions
 f - a potion of mutation {unknown}
 k - a potion of ambrosia {unknown}


   Skills:
 * Level 3.2 Fighting
 * Level 2.1 Axes
 * Level 3.0 Armour
 * Level 0.3 Dodging
 * Level 2.9 Shields


You had one spell level left.
You didn't know any spells.
Your spell library contained the following spells:

 Spells                   Type           Power      Damage    Failure   Level
 Static Discharge         Conj/Air       0%         2-2/arc   96%         2
 Airstrike                Air            0%         2d(0-16)  100%        4
 Summon Lightning Spire   Summ/Air       0%         N/A       100%        4


Dungeon Overview and Level Annotations

Branches:
Dungeon (2/15)

Altars:


Innate Abilities, Weirdness & Mutations

You regenerate a little health from kills.


Message History

The gnoll is severely wounded.
The gnoll hits you but does no damage. The gnoll hits you with a +0 halberd.
You hit the gnoll.
The gnoll is severely wounded.
You hit the kobold but do no damage. The kobold closely misses you.
You closely miss the gnoll. You closely miss the kobold.
The gnoll closely misses you. The kobold completely misses you.
The gnoll barely misses you.
The gnoll hits you from afar with a +0 halberd!
The kobold hits you with a +4 dagger.
You are too injured to fight recklessly!
You are too injured to fight recklessly!
You are too injured to fight recklessly!
You are too injured to fight recklessly!
You are too injured to fight recklessly!
You are too injured to fight recklessly!
You are too injured to fight recklessly!
You are too injured to fight recklessly!
You are too injured to fight recklessly!
You are too injured to fight recklessly!
You are too injured to fight recklessly!
The gnoll attacks as you move away! The gnoll closely misses you.
The gnoll attacks as you move away! The gnoll barely misses you.
The gnoll attacks as you move away! The gnoll hits you with a +0 club.
The gnoll attacks as you move away! The gnoll hits you with a +0 club.
* * * LOW HITPOINT WARNING * * *
The kobold attacks as you move away! You block the kobold's attack.
The gnoll attacks as you move away! The gnoll closely misses you.
The gnoll attacks as you move away! The gnoll hits you but does no damage.
You closely miss the gnoll. The gnoll hits you with a +0 club.
* * * LOW HITPOINT WARNING * * *
You hit the gnoll.
The gnoll is lightly wounded.
The gnoll barely misses you. The gnoll misses you.
You slash the gnoll!
The gnoll is severely wounded.
You block the gnoll's attack.
You feel very mighty all of a sudden. The gnoll hits you with a +0 club.
You die...

........ #......##. +........
#......# #......# #......#
###......## #...[.....#
#@#####...# ########## #g#
#...######## .........#
#K#######.#.......
.........####gg.......#.......
...........).g................
.........g....................
#########.....................
#...................<.
#..........######'########.


You could see 3 gnolls, a hobgoblin and a kobold.

Vanquished Creatures
  A worm (D:2)
  4 ball pythons
  A bat (D:1)
  An endoplasm (D:1)
  2 goblins
  3 hobgoblins
  2 kobolds (D:2)
  2 frilled lizards (D:1)
  2 rats (D:1)
18 creatures vanquished.

Notes
Turn   | Place    | Note
-------+----------+-------------------------------------------
     0 | D:1      | gelatine the Demonspawn Fighter began the quest for the
                  | Orb.
     0 | D:1      | Reached XP level 1. HP: 18/18 MP: 1/1
   322 | D:1      | Gained mutation: You regenerate a little health from kills.
                  | [demonic ancestry]
   322 | D:1      | Reached XP level 2. HP: 24/24 MP: 2/2
   542 | D:2      | Noticed a floating eye
   542 | D:2      | Found a faded altar of an unknown god.
   545 | D:2      | Noticed a shining eye
   546 | D:2      | Noticed a great orb of eyes
   546 | D:2      | Noticed a golden eye
   730 | D:2      | Slain by a gnoll

Illustrated notes

Levels and vault maps discovered:
D:1:      mrwooster_arrival_statue_2, layout_rooms
D:2:      layout_basic, hellmonk_ecumenical_altar_watching_god,
          minmay_snake_closets, uniq_crazy_yiuf_cottage

Skill      XL: |  1  2 |
---------------+-------+-----
Axes           | 2 |  2.1
Armour         | 3 |  3.0
Fighting       | |  3.2
Dodging        | |  0.3
Shields        | |  2.9

Action                     || total
---------------------------++-------
  Melee: War axe           ||    62
    Use: Potion            ||     1
 Armour: Scale mail        ||    40
  Dodge: Dodged            ||    34
  Block: Buckler           ||    13

Table legend: (Time is in decaauts)
 A = Elapsed time spent in this place.
 B = Non-inter-level travel time spent in this place.
 C = Inter-level travel time spent in this place.
 D = Time resting spent in this place.
 E = Time spent auto-exploring this place.
 F = Levels seen in this place.
 G = Mean time per level.
                   A        B        C        D        E       F      G
               +--------+--------+--------+--------+--------+-----+--------+
         Total |    757 |    717 |     40 |      0 |    530 |   2 |  378.5 |
       Dungeon |    757 |    717 |     40 |      0 |    530 |   2 |  378.5 |
               +--------+--------+--------+--------+--------+-----+--------+

Top non-repeatable levels by time:
     D:1: 555 daAuts
     D:2: 201 daAuts
